 Dungeon Crawl Stone Soup version 0.20.0-8-g6b59dc7 (webtiles) character file.

106761 skittles the Devastator (level 15, -3/89 HPs)
             Began as a Green Draconian Fire Elementalist on June 1, 2017.
             Was a High Priest of Vehumet.
             Slain by a thrashing horror (14 damage)
             ... on level 2 of the Abyss.
             The game lasted 02:50:22 (41133 turns).

skittles the Devastator (DrFE)                     Turns: 41133, Time: 02:50:23

Health: -3/89      AC: 18    Str: 18 (19) XL:     15   Next: 98%
Magic:  5/46       EV: 17    Int: 15 (17) God:    Vehumet [*****.]
Gold:   2039       SH:  4    Dex: 11      Spells: 9/32 levels left

rFire    . . .     SeeInvis +   a - staff of power
rCold    + + +     Gourm    +   r - +0 buckler
rNeg     . . .     Faith    .   (armour unavailable)
rPois    +         Spirit   .   u - +2 hat
rElec    +         Reflect  .   g - +4 cloak of the Unstoppable Tales {rPois rC+++ MR- Str+4}
rCorr    .         Harm     .   l - +0 pair of gloves {Str+3}
MR       +....                  d - +0 pair of boots
Stlth    ++........             A - amulet of the gourmand
Regen    0.0/turn               j - ring of magical power
MPRegen  0.3/turn               v - ring of see invisible

@: no status effects
A: breathe noxious fumes, unfitting armour, stinger 1, [blurry vision 3],
[deterioration 2], [dopey 2], [frail 3], high mp 1, [low mp 3], magic resistance
1, poison resistance, [screaming 2], electricity resistance, inhibited
regeneration, [no potion heal 3], cold-blooded, [subdued magic 2], [MP-powered
wands], AC +9
a: Breathe Noxious Fumes, Renounce Religion


You were on level 2 of the Abyss.
You worshipped Vehumet.
Vehumet was extremely pleased with you.
You were hungry.

You visited 5 branches of the dungeon, and saw 25 of its levels.
You visited the Abyss 1 time.
You also visited: Labyrinth, Sewer and Bailey.

You collected 2299 gold pieces.
You spent 260 gold pieces at shops.

Inventory:

Hand Weapons
 b - a +2 whip of electrocution
 V - a +2 halberd of electrocution
 X - a +0 vampiric eveningstar
Armour
 d - a +0 pair of boots (worn)
 g - the +4 cloak of the Unstoppable Tales (worn) {rPois rC+++ MR- Str+4}
   (You acquired it on level 4 of the Lair of Beasts)

   It affects your strength (+4).
   It renders you almost immune to cold.
   It protects you from poison.
   It affects your resistance to hostile enchantments.
 l - a +0 pair of gloves of strength (worn)
 r - a +0 buckler (worn)
 u - a +2 hat (worn)
Magical Staves
 a - an uncursed staff of power (weapon)
 S - an uncursed staff of conjuration
Jewellery
 j - a ring of magical power (left hand)
 o - a +4 ring of evasion
 s - a cursed ring of loudness {unknown}
 v - a ring of see invisible (right hand)
 w - an uncursed ring of protection from magic
 A - an amulet of the gourmand (around neck)
 C - an uncursed amulet of rage
 N - an uncursed ring of positive energy
Wands
 G - a wand of digging (5/24)
 P - a wand of paralysis (11/24)
Scrolls
 k - 4 scrolls of teleportation
 m - 2 scrolls of fog
 p - a scroll of amnesia
 t - 13 scrolls of remove curse
 E - 4 scrolls of blinking
 F - 4 scrolls of magic mapping
 J - a scroll of silence
 K - a scroll of vulnerability
 M - 2 scrolls of fear
 U - 6 scrolls of recharging
Potions
 c - 3 potions of haste
 e - 3 potions of flight
 f - 4 potions of mutation
 h - 9 potions of heal wounds
 i - 4 potions of might
 n - 5 potions of magic
 q - 13 potions of curing
 x - 3 potions of lignification
 z - 6 potions of brilliance
 B - 2 potions of agility
 I - a potion of berserk rage
 L - 3 potions of resistance
 Q - 3 potions of ambrosia
 R - 3 potions of invisibility
Books
 y - a Young Poisoner's Handbook

   Spells                             Type                      Level
   a - Sting                          Conjuration/Poison           1
   b - Poisonous Vapours              Poison/Air                   2
   c - Mephitic Cloud                 Conjuration/Poison/Air       3
   d - Olgreb's Toxic Radiance        Poison                       4
   e - Venom Bolt                     Conjuration/Poison           5
Comestibles
 D - a meat ration
 H - 8 bread rations
 O - 4 royal jellies


   Skills:
 - Level 10.5 Fighting
 - Level 3.4 Maces & Flails
 - Level 10.4 Dodging
 - Level 1.7 Stealth
 - Level 4.0 Shields
 + Level 9.4 Spellcasting
 + Level 15.5 Conjurations
 - Level 10.0 Fire Magic
 + Level 15.2 Poison Magic


You had 9 spell levels left.
You knew the following spells:

 Your Spells              Type           Power        Failure   Level  Hunger
a - Flame Tongue          Conj/Fire      ####.        0%          1    None
b - Conjure Flame         Conj/Fire      ####....     1%          3    #......
c - Sticky Flame          Conj/Fire      ####....     1%          4    ###....
d - Fireball              Conj/Fire      ####......   1%          5    #####..
e - Ignite Poison         Fire/Tmut/Pois ###.....     1%          3    #......
f - Poison Arrow          Conj/Pois      ####......   1%          6    ######.
g - Magic Dart            Conj           ####         0%          1    None


Dungeon Overview and Level Annotations

Branches:
Dungeon (15/15)            Temple (1/1) D:5            Lair (6/6) D:8
  Swamp (0/4) Lair:2       Spider (0/4) Lair:2        Slime (0/5) Lair:6
    Orc (2/2) D:11            Elf (1/3) Orc:2        Vaults (0/5) D:13
 Depths: D:15

Altars:
Ashenzari
Cheibriados
Dithmenos
Elyvilon
Fedhas
Gozag
Hepliaklqana
Kikubaaqudgha
Makhleb
Nemelex Xobeh
Okawaru
Qazlal
Ru
Sif Muna
Trog
Uskayaw
Vehumet
Xom
Yredelemnul
Zin
The Shining One
Jiyva

Shops:
D:7 (   Orc:2 *!}**?

Annotations:
D:10 buskinjo's ghost, journeyman KoAE
D:15 Louise


Innate Abilities, Weirdness & Mutations

You can breathe blasts of noxious fumes.
Your lurid green scales are hard. (AC +9)
You cannot fit into any form of body armour.
Your tail ends in a poisonous barb.
Your system is resistant to poisons. (rPois)
You are cold-blooded and may be slowed by cold attacks.
You have an increased reservoir of magic. (+10% MP)
You are resistant to hostile enchantments. (MR+)
You are resistant to electric shocks. (rElec)
You do not regenerate when monsters are visible.
[Scrolls take you much longer to read.]
[Your body often deteriorates upon taking damage.]
[You are very dopey. (Int -4)]
[You are extremely frail. (-30% HP)]
[Your magical capacity is extremely low. (-30% MP)]
[You sometimes yell uncontrollably at your foes.]
[Potions cannot restore your health.]
[Your spells are easier to cast, but less powerful.]
[You expend magic power (3 MP) to strengthen your wands.]


Message History

You stumble backwards!
You yell at the spiny frog!
A spiny frog comes into view.
Okay, then.
Really read with blurry vision while enemies are nearby?
The thrashing horror roars!
The thrashing horror tramples you!
* * * LOW HITPOINT WARNING * * *
Your body deteriorates!
You feel dopey.
You stumble backwards!
Keep reading the scroll?
Keep reading the scroll?
You begin reading the scroll.
You continue reading the scroll.
The spiny frog changes into a yaktaur!
The thrashing horror tramples you but does no damage.
The thrashing horror barely misses you.
You continue reading the scroll.
The thrashing horror roars!
The thrashing horror tramples you!
You die...

## ##. ..# #
### #####..# .#
...#......#.#..
..##...#.....#
#..#X@.#
#...#.#..#
#.#.#.# ##
#.....# ####c##
##...## #...#
.# ##.# ..#
...## .#


You could see a thrashing horror and a yaktaur shaped shifter.

Vanquished Creatures
  A lich (Abyss:2)
  Agnes (D:14)
  Kirke (D:12)
  A stone giant (Orc:1)
  Azrael (D:12)
  Josephine (Lair:6)
  A minotaur (Lab)
  Fannar (Lair:1)
  A rakshasa (D:12)
  A catoblepas (Lair:4)
  A merfolk avatar (Lair:6)
  4 hydras
  4 centaur warriors
  9 two-headed ogres
  An orc high priest (Orc:2)
  3 tengu warriors
  Urug (D:12)
  A deep elf knight (D:14)
  3 unseen horrors
  A sixfirhy (D:8)
  A lindwurm (shapeshifter) (D:14)
  2 orc knights
  2 deep elf archers (Elf:1)
  3 deep elf magi
  6 orc sorcerers
  A wolf spider zombie (D:14)
  2 oklob plants (Lair:1)
  8 ugly things
  4 manticores
  A worldbinder (Abyss:2)
  5 cyclopes
  18 elephants
  A guardian serpent (shapeshifter) (D:15)
  A smoke demon (Abyss:2)
  4 black mambas
  15 spiny frogs
  2 torpor snails (Lair:6)
  2 gargoyles (D:13)
  2 rime drakes (Lair:6)
  9 centaur skeletons
  A kobold demonologist (D:15)
  15 komodo dragons
  A freezing wraith (D:13)
  A merfolk (D:13)
  2 hellwings
  6 trolls
  A tengu conjurer (D:13)
  2 jumping spiders (Lair:2)
  3 polar bears
  5 hornets
  2 wind drakes (Lair:6)
  A jumping spider (shapeshifter) (D:13)
  3 meliai (D:13)
  A blink frog (shapeshifter) (D:13)
  10 hippogriffs
  4 slime creatures
  5 dream sheep (Lair:5)
  The ghost of barbarian the Shield-Bearer, an amateur GrFi of Okawaru (D:5)
  Sigmund (D:2)
  2 vampires (D:15)
  2 shadows
  4 hogs (D:12)
  11 wyverns
  A spriggan (D:13)
  7 wraiths
  4 fire elementals
  4 basilisks
  A chaos spawn (Abyss:2)
  56 yaks
  3 hungry ghosts
  A human (D:13)
  4 vampire mosquitoes (D:12)
  2 acid dragons
  20 water moccasins
  2 soldier ants
  2 hell hounds (D:12)
  A soldier ant (shapeshifter) (D:13)
  10 porcupines
  5 sky beasts
  3 ice beasts
  26 orc warriors
  3 black bears
  4 boggarts (Lair:6)
  A phantom (D:6)
  24 wolves
  An eye of draining (D:14)
  13 ogres
  15 centaurs
  16 crocodiles
  4 big kobolds
  An earth elemental (Elf:1)
  20 bullfrogs
  2 wyvern skeletons
  3 scorpions
  14 killer bees
  7 wights
  8 howler monkeys
  2 electric eels
  8 crimson imps
  4 lava snakes (Lab)
  A bullfrog zombie (D:6)
  7 hounds
  2 quasits
  7 centaur zombies
  4 jellies
  A small abomination (Abyss:2)
  17 orc priests
  3 bullfrog skeletons
  Ijyb (D:4)
  4 hell rats (Lair:6)
  7 iguanas
  47 orc wizards
  Terence (D:2)
  8 worker ants
  A howler monkey skeleton (D:7)
  2 worker ant zombies
  13 adders
  24 gnolls
  9 river rats (Sewer)
  8 shadow imps
  An ooze (D:6)
  An ufetubus (Abyss:2)
  An adder zombie (D:9)
  2 adder skeletons (D:5)
  3 worms
  2 dart slugs
  10 leopard geckos
  95 orcs
  7 ball pythons
  5 bats
  5 giant cockroaches
  13 hobgoblins
  12 jackals
  39 kobolds
  4 quokkas
  6 frilled lizards
  9 goblins
  A quokka skeleton (D:4)
  23 rats
919 creatures vanquished.

Vanquished Creatures (others)
  A yak (D:12)
  2 humans (D:12)
  A bullfrog (D:10)
  A bullfrog skeleton (D:12)
  3 orc wizards
  A worker ant (D:10)
  A gnoll (D:10)
  An orc (D:12)
  13 fungi
  40 plants
64 creatures vanquished.

Grand Total: 983 creatures vanquished

Notes
Turn   | Place    | Note
-------+----------+-------------------------------------------
     0 | D:1      | skittles the Draconian Fire Elementalist began the quest for the Orb.
     0 | D:1      | Reached XP level 1. HP: 14/14 MP: 3/3
   627 | D:1      | Reached XP level 2. HP: 21/22 MP: 1/5
  1021 | D:2      | Reached skill level 1 in Fighting
  1021 | D:2      | Reached XP level 3. HP: 15/28 MP: 0/6
  1484 | D:2      | Noticed Sigmund
  1539 | D:1      | Learned a level 3 spell: Conjure Flame
  1917 | D:2      | Noticed Terence
  1924 | D:2      | Killed Terence
  1924 | D:2      | Reached XP level 4. HP: 35/35 MP: 1/7
  2351 | D:2      | Killed Sigmund
  2351 | D:2      | Reached XP level 5. HP: 19/42 MP: 0/8
  3000 | D:3      | Reached XP level 6. HP: 44/50 MP: 0/9
  3690 | D:3      | Learned a level 4 spell: Sticky Flame
  4643 | D:4      | Your scales start taking on a lurid green colour.
  4643 | D:4      | Reached XP level 7. HP: 21/57 MP: 0/10
  4643 | D:4      | Gained mutation: Your system is resistant to poisons. (rPois) [Green Draconian growth]
  5111 | D:4      | Gained mutation: You are agile. (Dex +2) [potion of mutation]
  5111 | D:4      | Gained mutation: You passively map a small area around you. [potion of mutation]
  5111 | D:4      | Lost mutation: You are agile. (Dex +2) [potion of mutation]
  5111 | D:4      | Gained mutation: You have a pair of small horns on your head. [potion of mutation]
  5173 | D:4      | Noticed Ijyb
  5185 | D:4      | Killed Ijyb
  5740 | D:5      | Entered Level 5 of the Dungeon
  5780 | D:5      | Reached skill level 5 in Fire Magic
  5862 | D:5      | Found a staircase to the Ecumenical Temple.
  5872 | Temple   | Entered the Ecumenical Temple
  5907 | Temple   | Became a worshipper of Vehumet
  5969 | D:5      | Noticed barbarian's ghost (amateur GrFi)
  7179 | D:5      | Reached XP level 8. HP: 66/67 MP: 11/11
  7191 | D:5      | Reached skill level 5 in Conjurations
  7781 | D:5      | Killed barbarian's ghost
  7781 | D:5      | Reached skill level 5 in Fighting
  7972 | D:6      | Found a glowing drain.
  7979 | Sewer    | Entered a sewer
  8072 | Sewer    | Reached * piety under Vehumet
  8072 | Sewer    | Offered knowledge of Magic Dart by Vehumet.
  8075 | Sewer    | Learned a level 1 spell: Magic Dart
  8305 | Sewer    | Reached skill level 5 in Dodging
  8485 | Sewer    | Offered knowledge of Freeze by Vehumet.
  8486 | Sewer    | Reached ** piety under Vehumet
  9181 | D:6      | Offered knowledge of Ignite Poison by Vehumet.
  9296 | D:6      | Reached XP level 9. HP: 63/75 MP: 12/12
  9701 | D:6      | Reached *** piety under Vehumet
  9940 | D:7      | Noticed a hellwing
  9997 | D:7      | Learned a level 3 spell: Ignite Poison
 10344 | D:7      | Noticed a hellwing
 10383 | D:6      | Killed a hellwing
 10589 | D:7      | Killed a hellwing
 10593 | D:7      | Reached XP level 10. HP: 51/86 MP: 8/16
 10612 | D:7      | Offered knowledge of Throw Icicle by Vehumet.
 11030 | D:7      | Found an ancient bone altar of Kikubaaqudgha.
 11030 | D:7      | Found an opulent altar of Gozag.
 11031 | D:7      | Found a shattered altar of Ashenzari.
 11124 | D:7      | Found Hymuas's Weapon Boutique.
 11160 | D:7      | Reached **** piety under Vehumet
 11422 | D:7      | Offered knowledge of Fulminant Prism by Vehumet.
 11838 | D:8      | Found a runed door.
 11840 | D:8      | Noticed a sixfirhy
 11944 | D:8      | Found a burning altar of Makhleb.
 12236 | D:8      | Reached skill level 5 in Spellcasting
 12546 | D:8      | Found a staircase to the Lair.
 13424 | D:9      | Noticed a two-headed ogre
 13435 | D:9      | Killed a two-headed ogre
 13593 | D:9      | Reached XP level 11. HP: 80/95 MP: 10/19
 13719 | D:9      | Found a sacrificial altar of Ru.
 13720 | D:9      | Found a shimmering altar of Xom.
 14442 | D:10     | Entered Level 10 of the Dungeon
 14596 | D:10     | Noticed buskinjo's ghost (journeyman KoAE)
 15185 | D:10     | Reached ***** piety under Vehumet
 15233 | D:10     | Offered knowledge of Poison Arrow by Vehumet.
 15602 | D:10     | Noticed a two-headed ogre
 15621 | D:10     | Killed a two-headed ogre
 16006 | D:11     | Found a flagged portal.
 16019 | Bailey   | Entered a bailey
 16225 | Bailey   | Learned a level 6 spell: Poison Arrow
 16849 | D:11     | Found a staircase to the Orcish Mines.
 16852 | D:11     | Noticed a cyan ugly thing
 16868 | D:11     | Killed a cyan ugly thing
 16868 | D:11     | Reached skill level 1 in Poison Magic
 16978 | D:11     | Identified the Catalogue of Icy Aid
 17207 | D:11     | Noticed a two-headed ogre
 17217 | D:11     | Killed a two-headed ogre
 17469 | D:11     | Noticed a two-headed ogre
 17476 | D:11     | Killed a two-headed ogre
 17798 | D:12     | Noticed Kirke
 17802 | D:12     | Noticed a two-headed ogre
 17819 | D:12     | Noticed a lindwurm
 17824 | D:12     | Noticed a lindwurm
 17828 | D:12     | Killed a two-headed ogre
 17828 | D:12     | Reached XP level 12. HP: 106/106 MP: 3/22
 17832 | D:12     | Killed Kirke
 17838 | D:12     | Offered knowledge of Bolt of Fire by Vehumet.
 17841 | D:12     | Reached skill level 10 in Fighting
 17875 | D:12     | Noticed a rakshasa
 17947 | D:12     | Noticed a two-headed ogre
 17959 | D:12     | Killed a two-headed ogre
 18500 | D:12     | Noticed Urug
 18513 | D:12     | Killed Urug
 18513 | D:12     | Reached skill level 10 in Conjurations
 18655 | D:12     | Killed a rakshasa
 18726 | D:12     | Reached skill level 10 in Fire Magic
 18726 | D:12     | Reached skill level 5 in Poison Magic
 19032 | D:12     | Noticed Azrael
 19466 | Lair:1   | Entered Level 1 of the Lair of Beasts
 20968 | Lair:1   | Noticed Fannar
 20979 | Lair:1   | Killed Fannar
 20979 | Lair:1   | Reached XP level 13. HP: 98/114 MP: 19/24
 21045 | Lair:1   | Learned a level 5 spell: Fireball
 21165 | Lair:1   | Found a sparkling altar of Nemelex Xobeh.
 22034 | Lair:1   | Lost mutation: You have a pair of small horns on your head. [potion of mutation]
 22034 | Lair:1   | Lost mutation: You passively map a small area around you. [potion of mutation]
 22034 | Lair:1   | Gained mutation: You have an increased reservoir of magic. (+10% MP) [potion of mutation]
 22034 | Lair:1   | Gained mutation: You do not regenerate when monsters are visible. [potion of mutation]
 22034 | Lair:1   | Gained mutation: You are resistant to electric shocks. (rElec) [potion of mutation]
 22034 | Lair:1   | Gained mutation: You are resistant to hostile enchantments. (MR+) [potion of mutation]
 22251 | Lair:2   | Found a staircase to the Swamp.
 22280 | Lair:2   | Reached skill level 10 in Dodging
 22786 | Lair:2   | Identified a scroll of acquirement
 22937 | Lair:2   | Found a hole to the Spider Nest.
 24025 | Lair:2   | Offered knowledge of Bolt of Draining by Vehumet.
 25579 | Lair:4   | Got a slimy cloak
 25590 | Lair:4   | Identified the +4 cloak of the Unstoppable Tales {rPois rC+++ MR- Str+4} (You acquired it on level 4 of the Lair of Beasts)
 26855 | Lair:5   | Reached skill level 10 in Poison Magic
 27084 | Lair:5   | Offered knowledge of Yara's Violent Unravelling by Vehumet.
 27336 | Lair:5   | Gained mutation: Your tail ends in a poisonous barb. [Green Draconian growth]
 27336 | Lair:5   | Reached XP level 14. HP: 122/122 MP: 21/28
 27788 | Lair:6   | Entered Level 6 of the Lair of Beasts
 28308 | Lair:6   | Got a crystal flail
 28309 | Lair:6   | Identified the +2 flail "Punis" {elec, rC+ Stlth+} (You found it on level 6 of the Lair of Beasts)
 29498 | Lair:6   | Found a viscous altar of Jiyva.
 29498 | Lair:6   | Found a staircase to the Slime Pits.
 30629 | Lair:6   | Noticed Josephine
 30631 | Lair:6   | Killed Josephine
 31008 | Lair:4   | Offered knowledge of Conjure Ball Lightning by Vehumet.
 31169 | Orc:1    | Entered Level 1 of the Orcish Mines
 31169 | Orc:1    | Noticed a stone giant
 31173 | Orc:1    | Killed a stone giant
 31906 | Orc:2    | Entered Level 2 of the Orcish Mines
 31969 | Orc:2    | Found Wudet's Distillery.
 31978 | Orc:2    | Found Alostiso's Assorted Antiques.
 31978 | Orc:2    | Found a labyrinth entrance.
 31980 | Orc:2    | Paralysed by an orc sorcerer for 2 turns
 31988 | Lab      | Entered a labyrinth
 32691 | Lab      | Got a translucent war axe {venom}
 32910 | Orc:1    | Identified the cursed +1 war axe "Dunyzovaso" {venom, rC++ Str-2 Int+3} (You took it off a minotaur in a labyrinth)
 33835 | Orc:2    | Found Ulun's General Store.
 33835 | Orc:2    | Found Deitoh's Gadget Shop.
 33835 | Orc:2    | Found Hezij's Assorted Antiques.
 33838 | Orc:2    | Found Udwiluc's Magic Scroll Boutique.
 34077 | Orc:2    | Found a staircase to the Elven Halls.
 34087 | Orc:2    | Found a deep blue altar of Sif Muna.
 34113 | Orc:2    | Identified Sif Muna's Reference Book on Aid
 34189 | Orc:2    | Bought a scroll of brand weapon for 260 gold pieces
 34220 | Elf:1    | Entered Level 1 of the Elven Halls
 34574 | Elf:1    | Reached XP level 15. HP: 107/128 MP: 11/29
 35134 | D:12     | Killed Azrael
 35161 | D:13     | Reached skill level 1 in Maces & Flails
 35546 | D:12     | Reached skill level 1 in Shields
 36060 | D:13     | Offered knowledge of Spellforged Servitor by Vehumet.
 36067 | D:13     | Found a gate to the Vaults.
 37735 | D:14     | Noticed Agnes
 38458 | D:14     | Reached skill level 15 in Conjurations
 38891 | D:14     | Killed Agnes
 39086 | D:14     | Offered knowledge of Iron Shot by Vehumet.
 39618 | D:15     | Entered Level 15 of the Dungeon
 40398 | D:15     | Reached skill level 15 in Poison Magic
 40605 | D:15     | Noticed Louise
 40841 | D:15     | Cast into level 2 of the Abyss (Louise)
 40896 | Abyss:2  | Noticed a lich
 40905 | Abyss:2  | Killed a lich
 41133 | Abyss:2  | Slain by a thrashing horror

Skill      XL: |  1  2  3  4  5  6  7  8  9 10 11 12 13 14 15 |
---------------+----------------------------------------------+-----
Dodging        | 2 3 4 5 6 7 8 9 10 | 10.4
Fighting       | 1 2 3 4 6 7 8 9 10 | 10.5
Conjurations   | 2 3 4 6 7 8 9 10 12 14 15 | 15.5
Fire Magic     | 4 5 6 7 8 9 10 | 10.0
Spellcasting   | 4 5 6 7 8 9 |  9.4
Poison Magic   | 3 6 10 13 15 | 15.2
Maces & Flails | 3 |  3.4
Shields        | 4 |  4.0
Stealth        | |  1.7

Action                   |  1- 3 |  4- 6 |  7- 9 | 10-12 | 13-15 || total
-------------------------+-------+-------+-------+-------+-------++-------
Melee: Unarmed           |    18 |       |       |       |       ||    18
       Tailslap          |     5 |     8 |    39 |    67 |   112 ||   231
       Club              |    27 |       |       |       |       ||    27
       Short sword       |    51 |    19 |   264 |    38 |       ||   372
       Scythe            |       |    54 |    18 |       |       ||    72
       Hand axe          |       |       |    89 |    12 |       ||   101
       Headbutt          |       |       |    62 |   101 |     3 ||   166
       Whip              |       |       |       |   462 |   658 ||  1120
       Bardiche          |       |       |       |    14 |       ||    14
       Halberd           |       |       |       |   165 |       ||   165
       Flail             |       |       |       |       |    33 ||    33
       Staff             |       |       |       |       |   159 ||   159
Throw: Tomahawk          |       |       |     3 |       |       ||     3
 Cast: Flame Tongue      |    33 |    63 |   150 |   270 |   387 ||   903
       Sticky Flame      |       |       |    15 |    56 |   133 ||   204
       Conjure Flame     |       |       |     3 |    20 |    13 ||    36
       Ignite Poison     |       |       |       |     2 |       ||     2
       Fireball          |       |       |       |       |    39 ||    39
       Poison Arrow      |       |       |       |       |   329 ||   329
       Magic Dart        |       |       |       |       |     1 ||     1
 Abil: Breathe Noxious F |       |       |     2 |     6 |    13 ||    21
  Use: Scroll            |       |       |    14 |     7 |    22 ||    43
       Potion            |       |       |     6 |     4 |     6 ||    16
 Stab: Sleeping          |       |       |     3 |     3 |     2 ||     8
       Distracted        |       |       |       |       |     3 ||     3
       Petrified         |       |       |       |       |     3 ||     3
       Confused          |       |       |       |       |     1 ||     1
  Eat: Chunk             |     4 |     7 |    20 |    32 |   199 ||   262
       Fruit             |       |     2 |     1 |     4 |    10 ||    17
       Royal jelly       |       |       |     2 |     2 |       ||     4
       Bread ration      |       |       |       |     1 |     2 ||     3
       Meat ration       |       |       |       |       |     1 ||     1
Armor: Skin              |    46 |    38 |   202 |   306 |   435 ||  1027
Dodge: Dodged            |    81 |    90 |   357 |   791 |  1377 ||  2696
Block: Buckler           |       |       |       |       |    55 ||    55
